cohdb
Replays
Latest Replays
All Replays
Popular Replays
Top Player Replays
Match Explorer
How It Works
Community
CoH3 Stats
Reddit
Sign in to upload your games and track your stats! →
Sign in with Steam
Match 42218865
Unlisted
Match 42218865
Overview
Messages
Build Orders
End
Vickers Machine Gun Team
Construct Section Command Post
Dingo Light Scout Car
Infantry Section
Infantry Section
Infantry Section
Construct Platoon Command Post
6-pounder Anti-tank Gun Team
Grenade Package
Humber Armored Car
Construct Company Command Post
Royal Engineer Section
CMP 15cwt Truck
Crusader II Medium Tank
Infantry Section
Royal Engineer Section
Foot Guards Section
Unlock M3 Grant Medium Tanks
M3 Grant Medium Tank
Armored Vehicle Training
Infantry Training
CMP 15cwt Truck
M3 Grant Medium Tank
M3 Grant Medium Tank
M3 Grant Medium Tank
M3 Grant Medium Tank
Royal Engineer Section
wila
LittleFatty233
打精锐的李云龙!
滑落的照片让我变沉默
dl5277
tony
고양이귀 에스텔
Pugipa
0
0
Comments
sign in to comment!
No comments posted yet!